| TOP OF THE 1ST |
|
San Francisco Giants batting - Pitching for San Diego Padres : RHP Isaac Spikes
|
|
Pitching: RHP Isaac Spikes
|
|
|
Batting: RHB Philip Jansen
|
0-0: Called Strike 0-1: Swinging Strike 0-2: Foul Ball, location: 2F 0-2: Ball 1-2: Strikes out swinging
|
|
Batting: RHB Lucan Esini
|
0-0: Called Strike 0-1: SINGLE (Groundball, 6MD, EV 103.1 MPH)
|
|
Batting: LHB Jack Henningar
|
0-0: Ball 1-0: Called Strike 1-1: Foul Ball, location: 2F 1-2: Ball 2-2: Ball 3-2: Fly out, F8 (Flyball, 8RS, EV 97.5 MPH)
|
|
Batting: RHB Sean Zielinski
|
0-0: Ball 1-0: Ball 2-0: Foul Ball, location: 2F 2-1: SINGLE (Groundball, 6MD, EV 97.5 MPH) Lucan Esini to second Lucan Esini to third
|
|
Batting: LHB Carey Horncole
|
0-0: Ball 1-0: Fly out, F9 (Flyball, 9LM, EV 90.0 MPH)
|
| Top of the 1st over - 0 runs, 2 hits, 0 errors, 2 left on base; San Francisco 0 - San Diego 0 |
| BOTTOM OF THE 1ST |
|
San Diego Padres batting - Pitching for San Francisco Giants : LHP Chong-yeol Wong
|
|
Pitching: LHP Chong-yeol Wong
|
|
|
Batting: RHB Hildo Pot
|
0-0: Ball 1-0: Ball 2-0: Ball 3-0: Called Strike 3-1: Base on Balls
|
|
Batting: RHB C.J. Beavers
|
0-0: Called Strike 0-1: Ball 1-1: Ball 2-1: Ball 3-1: Base on Balls Hildo Pot to second
|
|
Batting: SHB Terry Tuckfard
|
0-0: Ball 1-0: Ball 2-0: Ball 3-0: Base on Balls Hildo Pot to third C.J. Beavers to second
|
|
Batting: RHB Luis Torres
|
0-0: Called Strike 0-1: Ball 1-1: Ball 2-1: Ball 3-1: Base on Balls Hildo Pot scores C.J. Beavers to third Terry Tuckfard to second
|
|
Batting: RHB Hugo Bautista
|
0-0: Called Strike 0-1: Foul Ball, location: 2F 0-2: Ball 1-2: SINGLE (Line Drive, 8LS, EV 96.9 MPH) C.J. Beavers scores Terry Tuckfard to third Luis Torres to second Runner from 3rd tries for Home, SAFE, throw by CF to home
|
|
Batting: RHB Jared Speck
|
0-0: Ball 1-0: Ball 2-0: Called Strike 2-1: Fly out, F8 (Flyball, 8LD, EV 76.9 MPH) Runner from 2nd tags up, SAFE at 3rd with throw by CF
|
|
Batting: LHB Mike Holt
|
0-0: Called Strike 0-1: Ball 1-1: Foul Ball, location: 2F 1-2: Strikes out looking
|
|
Batting: RHB Billy Crookston
|
0-0: Foul Ball, location: 2F 0-1: Ball Hugo Bautista steals 2nd base (no throw) 1-1: Foul Ball, location: 2F 1-2: Strikes out looking
|
| Bottom of the 1st over - 3 runs, 1 hit, 0 errors, 2 left on base; San Francisco 0 - San Diego 3 |
| TOP OF THE 2ND |
|
San Francisco Giants batting - Pitching for San Diego Padres : RHP Isaac Spikes
|
|
Batting: SHB Ryan Doss
|
0-0: Called Strike 0-1: Swinging Strike 0-2: Ball 1-2: Ball 2-2: Foul Ball, location: 2F 2-2: Strikes out swinging
|
|
Batting: LHB Mason Duffy
|
0-0: Foul Ball, location: 2F 0-1: Foul Ball, location: 2F 0-2: Ground out U3 (Groundball, 3, EV 93.8 MPH)
|
|
Batting: SHB Bill Dooms
|
0-0: Called Strike 0-1: SINGLE (Groundball, 34S, EV 71.2 MPH) (infield hit)
|
|
Batting: RHB Nate Hodson
|
0-0: Ball 1-0: Ball 2-0: Ball 3-0: Base on Balls Bill Dooms to second
|
|
Batting: RHB Philip Jansen
|
0-0: Ball 1-0: Foul Ball, location: 2F 1-1: Foul Ball, location: 2F 1-2: Strikes out swinging
|
| Top of the 2nd over - 0 runs, 1 hit, 0 errors, 2 left on base; San Francisco 0 - San Diego 3 |
| BOTTOM OF THE 2ND |
|
San Diego Padres batting - Pitching for San Francisco Giants : LHP Chong-yeol Wong
|
|
Batting: RHB Travis Robinson
|
0-0: Ball 1-0: Ground out 4-3 (Groundball, 4, EV 93.1 MPH)
|
|
Batting: RHB Hildo Pot
|
0-0: Foul Ball, location: 2F 0-1: Fly out, F9 (Flyball, 89S, EV 80.6 MPH)
|
|
Batting: RHB C.J. Beavers
|
0-0: Called Strike 0-1: Ball 1-1: Ball 2-1: Ball 3-1: Ground out 1-3 (Groundball, P, EV 66.2 MPH)
|
| Bottom of the 2nd over - 0 runs, 0 hits, 0 errors, 0 left on base; San Francisco 0 - San Diego 3 |
| TOP OF THE 3RD |
|
San Francisco Giants batting - Pitching for San Diego Padres : RHP Isaac Spikes
|
|
Batting: RHB Lucan Esini
|
0-0: Foul Ball, location: 2F 0-1: Foul Ball, location: 2F 0-2: Ball 1-2: Foul Ball, location: 2F 1-2: Strikes out looking
|
|
Batting: LHB Jack Henningar
|
0-0: Called Strike 0-1: Swinging Strike 0-2: Ground out U3 (Groundball, 3S, EV 69.4 MPH)
|
|
Batting: RHB Sean Zielinski
|
0-0: Ball 1-0: Foul Ball, location: 2F 1-1: SOLO HOME RUN (Flyball, 7D, EV 98.8 MPH), Distance : 367 ft
|
|
Batting: LHB Carey Horncole
|
0-0: Foul Ball, location: 2F 0-1: Ball 1-1: Foul Ball, location: 2F 1-2: Ball 2-2: Ball 3-2: SINGLE (Groundball, 25, EV 67.5 MPH) (infield hit)
|
|
Batting: SHB Ryan Doss
|
0-0: Called Strike 0-1: Fielders Choice at 2nd, 5-6 (Groundball, 6, EV 87.5 MPH)
|
| Top of the 3rd over - 1 run, 2 hits, 0 errors, 1 left on base; San Francisco 1 - San Diego 3 |
| BOTTOM OF THE 3RD |
|
San Diego Padres batting - Pitching for San Francisco Giants : LHP Chong-yeol Wong
|
|
Batting: SHB Terry Tuckfard
|
0-0: Ball 1-0: Ball 2-0: Fly out, F8 (Flyball, 8LM, EV 89.4 MPH)
|
|
Batting: RHB Luis Torres
|
0-0: Called Strike 0-1: Swinging Strike 0-2: Foul Ball, location: 2F 0-2: Ball 1-2: Ball 2-2: Ball 3-2: Foul Ball, location: 2F 3-2: Base on Balls
|
|
Batting: RHB Hugo Bautista
|
0-0: SINGLE (Line Drive, 6M, EV 98.1 MPH) Luis Torres to second
|
|
Batting: RHB Jared Speck
|
0-0: Called Strike 0-1: Ground out 6-3 (Groundball, 6MS, EV 68.1 MPH) Luis Torres to third Hugo Bautista to second
|
|
Batting: LHB Mike Holt
|
0-0: Ball 1-0: Foul Ball, location: 2F 1-1: Fly out, F9 (Flyball, 9LS, EV 91.2 MPH)
|
| Bottom of the 3rd over - 0 runs, 1 hit, 0 errors, 2 left on base; San Francisco 1 - San Diego 3 |
| TOP OF THE 4TH |
|
San Francisco Giants batting - Pitching for San Diego Padres : RHP Isaac Spikes
|
|
Batting: LHB Mason Duffy
|
0-0: Ball 1-0: Ball 2-0: Foul Ball, location: 2F 2-1: Called Strike 2-2: Ball 3-2: Foul Ball, location: 2F 3-2: Ground out U3 (Groundball, 3, EV 76.9 MPH)
|
|
Batting: SHB Bill Dooms
|
0-0: Foul Ball, location: 2F 0-1: Ball 1-1: Ball 2-1: Foul Ball, location: 2F 2-2: SINGLE (Flyball, 8RS, EV 93.1 MPH)
|
|
Batting: RHB Nate Hodson
|
0-0: Called Strike Bill Dooms steals 2nd base 0-1: Called Strike 0-2: Ball 1-2: Foul Ball, location: 2F 1-2: Ground out 6-3 (Groundball, 6, EV 91.2 MPH) Bill Dooms to third
|
|
Batting: RHB Philip Jansen
|
0-0: Ball 1-0: Foul Ball, location: 2F 1-1: Ball 2-1: Ball 3-1: Base on Balls
|
|
Batting: RHB Lucan Esini
|
0-0: Ball 1-0: Called Strike 1-1: DOUBLE (Line Drive, 9LM, EV 110.6 MPH) Bill Dooms scores Philip Jansen to third Runner from 3rd tries for Home, SAFE, throw by RF to trailing runner, SAFE at third!
|
|
Batting: LHB Jack Henningar
|
0-0: Called Strike 0-1: Foul Ball, location: 2F 0-2: Ball 1-2: Ball 2-2: Ball 3-2: DOUBLE (Line Drive, 9LM, EV 106.9 MPH) Lucan Esini scores
|
|
Batting: RHB Sean Zielinski
|
0-0: Called Strike 0-1: Swinging Strike 0-2: Ball 1-2: Strikes out looking
|
| Top of the 4th over - 3 runs, 3 hits, 0 errors, 1 left on base; San Francisco 4 - San Diego 3 |
| BOTTOM OF THE 4TH |
|
San Diego Padres batting - Pitching for San Francisco Giants : LHP Chong-yeol Wong
|
|
Batting: RHB Billy Crookston
|
0-0: Called Strike 0-1: Foul Ball, location: 2F 0-2: Foul Ball, location: 2F 0-2: Ball 1-2: Ball 2-2: Ball 3-2: Base on Balls
|
|
Batting: RHB Travis Robinson
|
0-0: Ball 1-0: Ball 2-0: Called Strike 2-1: Foul Ball, location: 2F 2-2: Ball Wild Pitch! Billy Crookston to second 3-2: Foul Ball, location: 2F 3-2: Base on Balls
|
|
Batting: RHB Hildo Pot
|
0-0: Ball 1-0: Sac Bunt to 15S - play at third, runner OUT! 1-6 Travis Robinson to second
|
|
Batting: RHB C.J. Beavers
|
0-0: Fly out, F5 (Popup, 56, EV 64.4 MPH)
|
|
Batting: SHB Terry Tuckfard
|
0-0: Ball 1-0: Swinging Strike 1-1: Fly out, F7 (Line Drive, 78M, EV 93.8 MPH)
|
| Bottom of the 4th over - 0 runs, 0 hits, 0 errors, 2 left on base; San Francisco 4 - San Diego 3 |
| TOP OF THE 5TH |
|
San Francisco Giants batting - Pitching for San Diego Padres : RHP Isaac Spikes
|
|
Pitching: LHP Dae-Jung Cho
|
|
|
Batting: LHB Carey Horncole
|
0-0: Called Strike 0-1: Ground out 1-3 (Groundball, P, EV 70.0 MPH)
|
|
Batting: SHB Ryan Doss
|
0-0: Swinging Strike 0-1: Called Strike 0-2: Strikes out swinging
|
|
Batting: LHB Mason Duffy
|
0-0: Ball 1-0: Ball 2-0: Fly out, F7 (Line Drive, 78M, EV 106.9 MPH)
|
| Top of the 5th over - 0 runs, 0 hits, 0 errors, 0 left on base; San Francisco 4 - San Diego 3 |
| BOTTOM OF THE 5TH |
|
San Diego Padres batting - Pitching for San Francisco Giants : LHP Chong-yeol Wong
|
|
Batting: RHB Luis Torres
|
0-0: Ball 1-0: Fly out, F8 (Line Drive, 8RD, EV 103.1 MPH)
|
|
Batting: RHB Hugo Bautista
|
0-0: Ball 1-0: Called Strike 1-1: Ball 2-1: Ball 3-1: Foul Ball, location: 2F 3-2: Strikes out looking
|
|
Batting: RHB Jared Speck
|
0-0: Called Strike 0-1: Called Strike 0-2: Ball 1-2: Foul Ball, location: 2F 1-2: Ball 2-2: Foul Ball, location: 2F 2-2: Ball 3-2: Foul Ball, location: 2F 3-2: SOLO HOME RUN (Flyball, 7LD, EV 92.5 MPH), Distance : 347 ft
|
|
Batting: LHB Mike Holt
|
0-0: Foul Ball, location: 2F 0-1: Called Strike 0-2: Ball 1-2: Fly out, F4 (Line Drive, 4, EV 65.6 MPH)
|
| Bottom of the 5th over - 1 run, 1 hit, 0 errors, 0 left on base; San Francisco 4 - San Diego 4 |
| TOP OF THE 6TH |
|
San Francisco Giants batting - Pitching for San Diego Padres : LHP Dae-Jung Cho
|
|
Batting: SHB Bill Dooms
|
0-0: Called Strike 0-1: Foul Ball, location: 2F 0-2: Strikes out looking
|
|
Batting: RHB Nate Hodson
|
0-0: Ball 1-0: Called Strike 1-1: Ball 2-1: Ground out 5-3 (Groundball, 56S, EV 66.2 MPH)
|
|
Batting: RHB Philip Jansen
|
0-0: Ball 1-0: Called Strike 1-1: Called Strike 1-2: Strikes out swinging
|
| Top of the 6th over - 0 runs, 0 hits, 0 errors, 0 left on base; San Francisco 4 - San Diego 4 |
| BOTTOM OF THE 6TH |
|
San Diego Padres batting - Pitching for San Francisco Giants : LHP Chong-yeol Wong
|
|
Pitching: RHP Jorge Sosa
|
|
|
Batting: RHB Billy Crookston
|
0-0: Foul Ball, location: 2F 0-1: Called Strike 0-2: Ball 1-2: Ball 2-2: Ball 3-2: Base on Balls
|
|
Batting: RHB Travis Robinson
|
0-0: Ball 1-0: SINGLE (Groundball, 6MD, EV 101.2 MPH) Billy Crookston to second
|
|
Batting: RHB Hildo Pot
|
0-0: Called Strike 0-1: Foul Ball, location: 2F 0-2: Ball 1-2: Fly out, F7 (Flyball, 7, EV 92.5 MPH)
|
|
Batting: RHB C.J. Beavers
|
0-0: Called Strike 0-1: Swinging Strike 0-2: Ball 1-2: Ball 2-2: Strikes out swinging
|
|
Batting: SHB Terry Tuckfard
|
0-0: Ball 1-0: Ball 2-0: Ball 3-0: Called Strike 3-1: Base on Balls Billy Crookston to third Travis Robinson to second
|
|
Batting: RHB Luis Torres
|
0-0: Ball 1-0: Fly out, F9 (Flyball, 9S, EV 82.5 MPH)
|
| Bottom of the 6th over - 0 runs, 1 hit, 0 errors, 3 left on base; San Francisco 4 - San Diego 4 |
| TOP OF THE 7TH |
|
San Francisco Giants batting - Pitching for San Diego Padres : LHP Dae-Jung Cho
|
|
Pitching: LHP Jim Turan
|
|
|
Batting: RHB Lucan Esini
|
0-0: Ball 1-0: Foul Ball, location: 2F 1-1: Foul Ball, location: 2F 1-2: Strikes out swinging
|
|
Batting: LHB Jack Henningar
|
0-0: Ball 1-0: Ball 2-0: Ball 3-0: Base on Balls
|
|
Batting: RHB Sean Zielinski
|
0-0: Ball 1-0: Ball 2-0: Foul Ball, location: 2F 2-1: Swinging Strike 2-2: Ball 3-2: Ground out 1-3 (Groundball, 25, EV 65.6 MPH) Jack Henningar to second
|
|
Pinch Hitting: RHB Bill Defazio
|
0-0: Ball 1-0: Swinging Strike 1-1: Ball 2-1: Ball 3-1: Called Strike 3-2: Strikes out looking
|
| Top of the 7th over - 0 runs, 0 hits, 0 errors, 1 left on base; San Francisco 4 - San Diego 4 |
| BOTTOM OF THE 7TH |
|
San Diego Padres batting - Pitching for San Francisco Giants : RHP Jorge Sosa
|
|
Now at SS: Bill Defazio
|
|
|
Batting: RHB Hugo Bautista
|
0-0: Foul Ball, location: 2F 0-1: Ball 1-1: Foul Ball, location: 2F 1-2: Ball 2-2: Fly out, F8 (Flyball, 78S, EV 86.9 MPH)
|
|
Batting: RHB Jared Speck
|
0-0: Called Strike 0-1: Foul Ball, location: 2F 0-2: Foul Ball, location: 2F 0-2: Foul Ball, location: 2F 0-2: Ball 1-2: Foul Ball, location: 2F 1-2: Foul Ball, location: 2F 1-2: Fly out, F7 (Line Drive, 78M, EV 90.6 MPH)
|
|
Batting: LHB Mike Holt
|
0-0: Called Strike 0-1: Ball 1-1: Ground out 4-3 (Groundball, 4, EV 85.0 MPH)
|
| Bottom of the 7th over - 0 runs, 0 hits, 0 errors, 0 left on base; San Francisco 4 - San Diego 4 |
| TOP OF THE 8TH |
|
San Francisco Giants batting - Pitching for San Diego Padres : LHP Jim Turan
|
|
Batting: SHB Ryan Doss
|
0-0: Foul Ball, location: 2F 0-1: Ball 1-1: Foul Ball, location: 2F 1-2: Strikes out looking
|
|
Batting: LHB Mason Duffy
|
0-0: Ground out 6-3 (Groundball, 6, EV 86.9 MPH)
|
|
Batting: SHB Bill Dooms
|
0-0: Called Strike 0-1: Foul Ball, location: 2F 0-2: Ball 1-2: Ball 2-2: Foul Ball, location: 2F 2-2: Strikes out swinging
|
| Top of the 8th over - 0 runs, 0 hits, 0 errors, 0 left on base; San Francisco 4 - San Diego 4 |
| BOTTOM OF THE 8TH |
|
San Diego Padres batting - Pitching for San Francisco Giants : RHP Jorge Sosa
|
|
Pitching: RHP Filip Nebylitsin
|
|
|
Batting: SHB Phil Zacharia
|
0-0: Ball 1-0: DOUBLE (Line Drive, 78M, EV 93.1 MPH)
|
|
Pinch Hitting: LHB James McCauley
|
0-0: Ball 1-0: Called Strike 1-1: Ball 2-1: Swinging Strike 2-2: Strikes out swinging
|
|
Batting: RHB Hildo Pot
|
0-0: Ball 1-0: Ball 2-0: Called Strike 2-1: Fly out, F8 (Line Drive, 89M, EV 92.5 MPH)
|
|
Batting: RHB C.J. Beavers
|
0-0: Foul Ball, location: 2F 0-1: Ball 1-1: Ball 2-1: Ball Wild Pitch! Phil Zacharia to third 3-1: Foul Ball, location: 2F 3-2: SINGLE (Flyball, 56D, EV 90.6 MPH) Phil Zacharia scores
|
|
Batting: SHB Terry Tuckfard
|
0-0: Called Strike 0-1: Ball Wild Pitch! C.J. Beavers to second 1-1: Fly out, F7 (Flyball, 78M, EV 90.0 MPH)
|
| Bottom of the 8th over - 1 run, 2 hits, 0 errors, 1 left on base; San Francisco 4 - San Diego 5 |
| TOP OF THE 9TH |
|
San Francisco Giants batting - Pitching for San Diego Padres : LHP Jim Turan
|
|
Pitching: RHP Arturo Diaz
|
|
|
Now at 1B: James McCauley
|
|
|
Now at 3B: Hildo Pot
|
|
|
Batting: RHB Nate Hodson
|
0-0: Ground out U3 (Groundball, 3L, EV 94.4 MPH)
|
|
Batting: RHB Philip Jansen
|
0-0: Hit by Pitch
|
|
Batting: RHB Lucan Esini
|
0-0: Called Strike 0-1: Bunted foul 0-2: Foul Ball, location: 2F 0-2: Hit by Pitch Philip Jansen to second
|
|
Batting: LHB Jack Henningar
|
0-0: Ball 1-0: Called Strike 1-1: Called Strike 1-2: Foul Ball, location: 2F 1-2: Ball 2-2: 3-RUN HOME RUN (Flyball, 9D, EV 95.0 MPH), Distance : 370 ft
|
|
Batting: RHB Sean Zielinski
|
0-0: Ball 1-0: Called Strike 1-1: Called Strike 1-2: SINGLE (Line Drive, 6D, EV 99.4 MPH)
|
|
Batting: RHB Bill Defazio
|
0-0: Ball 1-0: Called Strike 1-1: Foul Ball, location: 2F 1-2: Ball 2-2: Foul Ball, location: 2F 2-2: Ball 3-2: Strikes out swinging Sean Zielinski steals 2nd base (no throw) Batter strikes out.
|
|
Batting: SHB Ryan Doss
|
0-0: Ball 1-0: Called Strike 1-1: Foul Ball, location: 2F 1-2: Ball 2-2: Strikes out looking
|
| Top of the 9th over - 3 runs, 2 hits, 0 errors, 1 left on base; San Francisco 7 - San Diego 5 |
| BOTTOM OF THE 9TH |
|
San Diego Padres batting - Pitching for San Francisco Giants : RHP Filip Nebylitsin
|
|
Pitching: LHP Caleb Mullinax
|
|
|
Batting: RHB Luis Torres
|
0-0: Ball 1-0: Called Strike 1-1: Swinging Strike 1-2: Ball 2-2: Foul Ball, location: 2F 2-2: Ball 3-2: Foul Ball, location: 2F 3-2: Fly out, F2 (Popup, 2R, EV 98.8 MPH)
|
|
Batting: RHB Hugo Bautista
|
0-0: Ball 1-0: Ball 2-0: Called Strike 2-1: Ball 3-1: Base on Balls
|
|
Batting: RHB Jared Speck
|
0-0: Ball 1-0: SINGLE (Groundball, 6MD, EV 101.2 MPH) (infield hit) Hugo Bautista to second
|
|
Batting: LHB Mike Holt
|
0-0: Foul Ball, location: 2F 0-1: Foul Ball, location: 2F 0-2: Ball 1-2: Foul Ball, location: 2F 1-2: Ball 2-2: Fly out, F8 (Line Drive, 8LM, EV 104.4 MPH)
|
|
Batting: SHB Phil Zacharia
|
0-0: Foul Ball, location: 2F 0-1: Ball Wild Pitch! Hugo Bautista to third Jared Speck to second 1-1: Foul Ball, location: 2F 1-2: Ball 2-2: Fly out, F7 (Line Drive, 78D, EV 85.6 MPH)
|
| Bottom of the 9th over - 0 runs, 1 hit, 0 errors, 2 left on base; San Francisco 7 - San Diego 5 |
|